 Dungeon Crawl Stone Soup version 0.32-a0-999-gfa1cc04b1d (webtiles) character file.

Game seed: 2052276254583891649

172 DrKenneth the Shield-Bearer (level 5, -3/47 HPs)
             Began as a Minotaur Fighter on Apr 25, 2024.
             Slain by Edmund
             ... wielding a +2 flail of venom
              (8 damage)
             ... on level 6 of the Dungeon.
             The game lasted 00:03:46 (1724 turns).

DrKenneth the Shield-Bearer (Minotaur Fighter)      Turns: 1724, Time: 00:03:47

Health: -3/47      AC:  7    Str: 23    XL:     5   Next: 27%
Magic:  4/4        EV:  8    Int:  5    God:
Gold:   133        SH:  4    Dex:  9    Spells: 4/4 levels left

rFire   . . .        a - +0 war axe
rCold   . . .        c - +0 buckler
rNeg    . . .        b - +0 scale mail
rPois   .            (helmet restricted)
rElec   .            (no cloak)
rCorr   .            (no gloves)
SInv    .            (no boots)
Will    .....        (no amulet) Stlth
                     (no ring)
HPRegen 0.27/turn    (no ring)
MPRegen 0.09/turn

%: no passive effects
@: lethally poisoned (-3 -> -8)
A: horns 2, retaliatory headbutt
a: no special abilities


You were on level 6 of the Dungeon.
You visited 1 branch of the dungeon, and saw 4 of its levels.

You collected 133 gold pieces.

Inventory:

Hand Weapons
 a - a +0 war axe (weapon)
Armour
 b - a +0 scale mail (worn)
 c - a +0 buckler (worn)
Scrolls
 e - 2 scrolls of teleportation {unknown}
 g - a scroll of identify {unknown}
 k - a scroll of brand weapon {unknown}
 l - a scroll of poison {unknown}
 m - a scroll of immolation {unknown}
 o - a scroll of enchant weapon {unknown}
Potions
 d - 2 potions of might
 f - a potion of brilliance {unknown}
 h - a potion of magic {unknown}
 i - 2 potions of curing {unknown}
 j - a potion of heal wounds {unknown}
 n - a potion of resistance {unknown}


   Skills:
 + Level 4.8 Fighting
 + Level 3.9 Axes
 + Level 4.7 Armour
 + Level 4.8 Shields


You had 4 spell levels left.
You didn't know any spells.
Your spell library contained the following spells:

 Spells                   Type           Power      Damage    Failure   Level
 Freeze                   Ice            0%         1d3       83%         1
 Frozen Ramparts          Ice            0%         1d1       99%         3
 Hailstorm                Conj/Ice       0%         3d5       99%         3


Dungeon Overview and Level Annotations

Branches:
Dungeon (6/15)
 Temple: D:4-7

Altars:

Annotations:
D:6 Edmund


Innate Abilities, Weirdness & Mutations

You have a pair of horns on your head.
You reflexively headbutt those who attack you in melee.


Message History

Found a scroll labelled OSHRYO JORUR.
Found a stone staircase leading down.
o - a scroll labelled OSHRYO JORUR
There is a stone staircase leading down here.
Found 16 gold pieces.
Found a stone staircase leading up.
Edmund the Younger comes into view.
He is wielding a +2 flail of venom and wearing a +1 leather armour of cold resistance.
Edmund shouts!
Edmund hits you but does no damage.
You are poisoned.
You hit Edmund.
Edmund is lightly wounded.
You feel very sick.
Edmund hits you with a +2 flail of venom!
You closely miss Edmund. You headbutt Edmund!
Edmund is moderately wounded.
You feel sick. Edmund barely misses you.
You slash Edmund! Your headbutt misses Edmund.
Edmund is heavily wounded.
You feel sick.
Edmund hits you with a +2 flail of venom!
You are more poisoned.
Edmund closely misses you.
You hit Edmund. You headbutt Edmund, but do no damage.
Edmund is heavily wounded.
You feel very sick.
Edmund hits you with a +2 flail of venom.
* * * LOW HITPOINT WARNING * * *
You hit Edmund but do no damage.
Edmund is heavily wounded.
* * * LOW HITPOINT WARNING * * *
You feel very sick.
Edmund hits you with a +2 flail of venom.
* * * LOW HITPOINT WARNING * * *
You closely miss Edmund. Your headbutt misses Edmund.
Edmund is heavily wounded.
* * * LOW HITPOINT WARNING * * *
You feel very sick.
Edmund hits you with a +2 flail of venom!
You die...
Edmund says, "That'll show my brother!"

########## #........#
###
#........##########...#
#.....>..........@....#
#........######.@..<..#
#........# #....$..##
########## #######..#
.# #


You could see Edmund.

Vanquished Creatures
  A howler monkey (D:3)
  3 gnolls (D:2)
  4 adders
  2 dart slugs
  4 ball pythons
  5 bats
  5 endoplasms
  4 giant cockroaches
  7 hobgoblins
  5 jackals
  A quokka (D:3)
  4 frilled lizards
  6 goblins
  7 kobolds
  5 rats
63 creatures vanquished.

Notes
Turn   | Place    | Note
-------+----------+-------------------------------------------
     0 | D:1      | DrKenneth the Minotaur Fighter began the quest for the Orb.
     0 | D:1      | Reached XP level 1. HP: 19/19 MP: 0/0
   107 | D:1      | Reached XP level 2. HP: 24/27 MP: 1/1
   490 | D:1      | Reached XP level 3. HP: 33/33 MP: 2/2
   936 | D:2      | Reached XP level 4. HP: 16/41 MP: 3/3
  1631 | D:3      | Found a faded altar of an unknown god.
  1664 | D:3      | Reached XP level 5. HP: 43/47 MP: 4/4
  1702 | D:3      | You fall into a shaft and drop 3 floors!
  1715 | D:6      | Noticed Edmund
  1724 | D:6      | Slain by Edmund

Illustrated notes

Levels and vault maps discovered:
D:1:      saegor_arrival_miasma, layout_basic, minmay_3d_cube
D:2:      layout_basic
D:3:      layout_rooms, nicolae_ecumenical_lake_church
D:6:      layout_rooms, nicolae_sif_muna_little_library,
          overflow_temple_1_default, uniq_crazy_yiuf_cottage, uniq_edmund

Skill      XL: |  1  2 |
---------------+-------+-----
Armour         | 4 |  4.7
Shields        | 4 |  4.8
Fighting       | 4 |  4.8
Axes           | 3 |  3.9

Action                     |  1- 3 |  4- 6 || total
---------------------------+-------+-------++-------
  Melee: War axe           |    77 |    50 ||   127
         Headbutt          |     6 |     6 ||    12
 Armour: Scale mail        |    72 |    43 ||   115
  Dodge: Dodged            |    38 |    17 ||    55
  Block: Buckler           |    20 |    16 ||    36

Table legend: (Time is in decaauts)
 A = Elapsed time spent in this place.
 B = Non-inter-level travel time spent in this place.
 C = Inter-level travel time spent in this place.
 D = Time resting spent in this place.
 E = Time spent auto-exploring this place.
 F = Levels seen in this place.
 G = Mean time per level.
                   A        B        C        D        E       F      G
               +--------+--------+--------+--------+--------+-----+--------+
         Total |   1770 |   1647 |    123 |    174 |   1111 |   4 |  442.5 |
       Dungeon |   1770 |   1647 |    123 |    174 |   1111 |   4 |  442.5 |
               +--------+--------+--------+--------+--------+-----+--------+

Top non-repeatable levels by time:
     D:2: 1014 daAuts
     D:1: 589 daAuts
     D:3: 143 daAuts
     D:6: 23 daAuts
